 Dungeon Crawl Stone Soup version 0.27-a0-819-g058290f16d (webtiles) character file.

Game seed: 1704656059847683763

32 sleeves the Digger (level 3, -2/31 HPs)
             Began as a Troll Earth Elementalist on Mar 29, 2021.
             Slain by a gnoll
             ... wielding a +0 flail
              (4 damage)
             ... on level 2 of the Dungeon.
             The game lasted 00:01:19 (857 turns).

sleeves the Digger (Troll Earth Elementalist)        Turns: 857, Time: 00:01:19

Health: -2/31      AC:  9    Str: 16    XL:     3   Next: 10%
Magic:  3/3        EV:  8    Int: 12    God:
Gold:   23         SH:  0    Dex: 10    Spells: 3/4 levels left

rFire    . . .     SeeInvis .     - Unarmed
rCold    . . .     Faith    .   (no shield)
rNeg     . . .     Spirit   .   f - +0 swamp dragon scales
rPois    +         Reflect  .   (helmet restricted)
rElec    .         Harm     .   (no cloak)
rCorr    .         Rampage  .   (gloves unavailable)
Will     .....                  (boots unavailable)
Stlth    +.........             (no amulet)
HPRegen  1.10/turn              (no ring)
MPRegen  0.08/turn              (no ring)

@: no status effects
A: large, unfitting armour, claws 3, regeneration 1, shaggy fur 1, tough skin 1
a: no special abilities


You were on level 2 of the Dungeon.
You visited 1 branch of the dungeon, and saw 2 of its levels.

You collected 23 gold pieces.

Inventory:

Missiles
 b - 55 stones
Armour
 f - +0 swamp dragon scales (worn)
   (You found it on level 1 of the Dungeon)
Scrolls
 c - a scroll of teleportation {unknown}
 d - a scroll of amnesia {unknown}
 e - a scroll of noise {unknown}
Potions
 a - a potion of resistance {unknown}


   Skills:
 - Level 1.5 Dodging
 - Level 1.0 Stealth
 + Level 1.8 Unarmed Combat
 - Level 1.2 Spellcasting
 - Level 0.6 Transmutations
 + Level 3.3 Earth Magic


You had 3 spell levels left.
You knew the following spells:

 Your Spells              Type           Power      Damage    Failure   Level
a - Sandblast             Erth           16%        2d6       14%         1

Your spell library contained the following spells:

 Spells                   Type           Power      Damage    Failure   Level
 Passwall                 Tmut/Erth      4%         N/A       36%         2
 Stone Arrow              Conj/Erth      8%         3d7       65%         3
 Petrify                  Tmut/Erth      5%         N/A       94%         4
 Lee's Rapid Deconstruct  Erth           4%         3d6*      99%         5


Dungeon Overview and Level Annotations

Branches:
Dungeon (2/15)

Altars:


Innate Abilities, Weirdness & Mutations

You are too large for most types of armour.
You have claws for hands.
Your natural rate of healing is unusually fast.
You are covered in fur. (AC +1)
You have tough skin. (AC +1)


Message History

Welcome, sleeves the Troll Earth Elementalist.
Will you be the one to retrieve the fabled Orb of Zot from the depths?
Press ? for a list of commands and other information.
Found a bubbling silvery potion.
Found a staircase leading out of the dungeon.
a - a bubbling silvery potion A jackal comes into view.
A jackal is nearby!
There is a dry fountain here.
There is a fountain of clear blue water here.
You open the door.
Found 12 gold pieces.
There is an open door here.
You now have 12 gold pieces.
Found a stone staircase leading down.
A ball python comes into view.
Found 9 gold pieces.
A ball python is nearby!
The helpless ball python fails to defend itself.
You claw the ball python!
You kill the ball python!
No target in view!
No target in view!
No target in view!
You now have 21 gold pieces (gained 9).
A hobgoblin comes into view.
The hobgoblin shouts!
A hobgoblin is nearby!
A hobgoblin is nearby!
The hobgoblin hits you.
You barely miss the hobgoblin. The hobgoblin barely misses you.
You scratch the hobgoblin.
You kill the hobgoblin!
No target in view!
No target in view!
No target in view!
No target in view!
No target in view!
HP restored.
You see here a hobgoblin corpse.
d - a scroll labelled JIXTUO GANUHU
Found a dagger.
You now have 23 gold pieces (gained 2).
A kobold comes into view. It is wielding a +0 short sword.
A jackal comes into view.
The kobold shouts!
The jackal barks!
A quokka comes into view.
You scratch the jackal.
The jackal is almost dead.
The jackal closely misses you.
You scratch the jackal but do no damage.
The jackal is almost dead.
The jackal bites you but does no damage.
You scratch the jackal.
You kill the jackal!
You scratch the kobold.
The kobold is severely wounded.
The kobold hits you but does no damage.
You closely miss the kobold.
The kobold is severely wounded.
The kobold hits you but does no damage.
You scratch the kobold.
You kill the kobold!
The jackal bites you but does no damage.
You claw the jackal!
You kill the jackal!
You closely miss the quokka. The quokka bites you.
You closely miss the quokka. The quokka bites you.
The quokka bites you but does no damage.
You claw the quokka!
You kill the quokka!
Your Unarmed Combat skill increases to level 1!
Your Earth Magic skill increases to level 3!
No target in view!
No target in view!
No target in view!
No target in view!
No target in view!
No target in view!
No target in view!
Items here: ) †††.
Found a stone staircase leading down.
A bat comes into view.
A bat is nearby!
The bat barely misses you.
You closely miss the bat. The bat closely misses you.
The bat hits you but does no damage.
You claw the bat!
You kill the bat!
You have reached level 2!
e - a scroll labelled RAURYKLODIF A giant cockroach comes into view.
A giant cockroach is nearby!
The giant cockroach barely misses you.
You closely miss the giant cockroach. The giant cockroach bites you.
You closely miss the giant cockroach.
The giant cockroach bites you but does no damage.
You barely miss the giant cockroach.
The giant cockroach bites you but does no damage.
You closely miss the giant cockroach. The giant cockroach bites you.
You completely miss the giant cockroach.
The giant cockroach closely misses you.
The giant cockroach bites you but does no damage.
You closely miss the giant cockroach. The giant cockroach bites you.
You barely miss the giant cockroach. The giant cockroach barely misses you.
You barely miss the giant cockroach. The giant cockroach bites you.
You scratch the giant cockroach.
The giant cockroach is moderately wounded.
The giant cockroach bites you but does no damage.
You barely miss the giant cockroach.
The giant cockroach is moderately wounded.
The giant cockroach barely misses you.
You barely miss the giant cockroach.
The giant cockroach is lightly wounded.
The giant cockroach bites you but does no damage.
You scratch the giant cockroach.
The giant cockroach is severely wounded.
The giant cockroach barely misses you. The giant cockroach bites you.
A giant cockroach is nearby!
A giant cockroach is nearby!
A giant cockroach is nearby!
You scratch the giant cockroach.
You kill the giant cockroach!
No target in view!
No target in view!
No target in view!
No target in view!
No target in view!
No target in view!
Found a stone staircase leading down.
A kobold comes into view. It is wielding a +0 club.
A kobold is nearby!
The kobold shouts!
You hear a shout!
The kobold barely misses you.
You scratch the kobold but do no damage.
The kobold hits you with a +0 club.
You closely miss the kobold. The kobold barely misses you.
You closely miss the kobold.
A goblin comes into view. It is wielding a +0 club.
The kobold barely misses you.
You scratch the kobold.
You kill the kobold!
You scratch the goblin.
You kill the goblin!
No target in view!
No target in view!
No target in view!
No target in view!
No target in view!
No target in view!
No target in view!
No target in view!
No target in view!
No target in view!
Things that are here:
a +0 club; a goblin corpse A kobold comes into view.
It is wielding a +0 club.
The kobold moves out of view.
A kobold is nearby!
The kobold hits you with a +0 club.
You scratch the kobold.
You kill the kobold!
No target in view!
No target in view!
Things that are here:
a +0 club; a kobold corpse A ball python comes into view.
A ball python is nearby!
A ball python is nearby!
A ball python is nearby!
You scratch the ball python.
You kill the ball python!
No target in view!
No target in view!
No target in view!
No target in view!
You see here a ball python corpse.
A ball python comes into view.
A ball python is nearby!
A ball python is nearby!
A ball python is nearby!
The ball python barely misses you. The ball python bites you.
You claw the ball python!
You kill the ball python!
No target in view!
No target in view!
A ball python and a hobgoblin come into view.
There are monsters nearby!
There are monsters nearby!
There are monsters nearby!
You closely miss the ball python.
The hobgoblin shouts!
The ball python barely misses you.
You closely miss the ball python.
The ball python bites you but does no damage.
You claw the ball python!
You kill the ball python!
The hobgoblin closely misses you.
You barely miss the hobgoblin. The hobgoblin barely misses you.
You barely miss the hobgoblin.
The hobgoblin hits you but does no damage.
You scratch the hobgoblin.
The hobgoblin is almost dead.
The hobgoblin hits you.
You scratch the hobgoblin.
You kill the hobgoblin!
No target in view!
No target in view!
No target in view!
No target in view!
A goblin comes into view. It is wielding a +0 vampiric dagger.
A goblin is nearby!
A goblin is nearby!
A goblin is nearby!
The goblin hits you but does no damage.
You claw the goblin!
You kill the goblin!
No target in view!
No target in view!
You see here a +0 vampiric dagger.
Found an escape hatch in the floor.
There is an escape hatch in the floor here.
Key pressed, stopping explore.
Found swamp dragon scales.
You see here +0 swamp dragon scales. f - +0 swamp dragon scales You start removing your armour.
You continue taking off your +0 robe. x4
You finish taking off your +0 robe.
You start putting on your armour.
You continue putting on your +0 swamp dragon scales. x5
You finish putting on your +0 swamp dragon scales.
Drop what? 6/52 slots (_ for help) (? for menu, Esc to quit)
You drop a +0 robe.
c - a scroll labelled NIZULOETHO
Found 24 sling bullets.
You see here a +0 dagger.
You open the door.
There is an open door here.
b - 53 stones (gained 23)
There is a dry fountain here.
There is a dry fountain here.
There is an open door here.
Key pressed, stopping explore.
A bat comes into view.
The bat hits you but does no damage.
You scratch the bat.
You kill the bat!
No target in view!
No target in view!
You see here a bat corpse.
A kobold comes into view. It is wielding a +0 club.
The kobold shouts!
The kobold throws a stone.
The stone hits you but does no damage.
A kobold is nearby!
A kobold is nearby!
A kobold is nearby!
The kobold throws a stone.
The stone hits you but does no damage.
The kobold throws a stone.
The stone hits you but does no damage.
You closely miss the kobold. The kobold hits you but does no damage.
You scratch the kobold but do no damage.
The kobold barely misses you.
You barely miss the kobold. The kobold hits you with a +0 club.
You scratch the kobold but do no damage.
The kobold hits you but does no damage.
You barely miss the kobold. The kobold hits you with a +0 club.
You closely miss the kobold. The kobold hits you but does no damage.
You scratch the kobold.
The kobold is heavily wounded.
The kobold hits you but does no damage.
You barely miss the kobold.
The kobold is heavily wounded.
The kobold barely misses you.
You barely miss the kobold.
The kobold is heavily wounded.
The kobold hits you with a +0 club.
A kobold is nearby!
A kobold is nearby!
A kobold is nearby!
You scratch the kobold but do no damage.
The kobold is heavily wounded.
The kobold hits you with a +0 club.
You closely miss the kobold.
The kobold is heavily wounded.
The kobold barely misses you.
You scratch the kobold.
You kill the kobold!
No target in view!
No target in view!
No target in view!
b - 55 stones (gained 2)
Things that are here:
a +0 club; a kobold corpse Partly explored, can't reach some places.
Partly explored, can't reach some places.
No target in view!
(D) Dungeon
Where to? (? - help)
Things that are here:
a +0 club; a kobold corpse
There is a stone staircase leading down here.
You climb downwards.
A bat comes into view.
Found 15 poisoned darts.
There is a stone staircase leading up here.
The bat hits you but does no damage.
Found a ring mail.
You closely miss the bat. The bat hits you but does no damage.
The bat closely misses you.
You closely miss the bat. The bat hits you but does no damage.
The bat hits you but does no damage.
You closely miss the bat. The bat hits you but does no damage.
The bat hits you but does no damage. The bat barely misses you.
A gnoll comes into view. It is wielding a +0 whip.
The gnoll shouts!
The bat hits you but does no damage.
Found an escape hatch in the floor.
You claw the bat!
You kill the bat!
A gnoll comes into view. It is wielding a +0 flail.
The gnoll shouts!
There is a stone staircase leading up here.
A gnoll is nearby!
A gnoll is nearby!
A gnoll is nearby!
A gnoll is nearby!
The gnoll hits you with a +0 whip.
You climb upwards.
There is a stone staircase leading down here.
Your swamp dragon scales prevents you from hitting the gnoll.
The gnoll hits you but does no damage.
You barely miss the gnoll. The gnoll hits you with a +0 whip!
You scratch the gnoll.
The gnoll is lightly wounded.
The gnoll closely misses you.
You closely miss the gnoll.
The gnoll is lightly wounded.
The gnoll barely misses you.
You scratch the gnoll.
The gnoll is moderately wounded.
The gnoll closely misses you.
You scratch the gnoll but do no damage.
The gnoll is moderately wounded.
The gnoll hits you with a +0 whip.
You closely miss the gnoll.
The gnoll is moderately wounded.
The gnoll hits you but does no damage.
You barely miss the gnoll.
The gnoll is moderately wounded.
The gnoll hits you but does no damage.
You claw the gnoll!
The gnoll is almost dead.
The gnoll completely misses you.
You scratch the gnoll but do no damage.
The gnoll is almost dead.
The gnoll hits you but does no damage.
You closely miss the gnoll.
The gnoll is almost dead.
The gnoll hits you but does no damage.
You barely miss the gnoll.
The gnoll is almost dead.
The gnoll barely misses you.
You scratch the gnoll but do no damage.
The gnoll is almost dead.
The gnoll barely misses you.
You barely miss the gnoll.
The gnoll is almost dead.
The gnoll closely misses you.
You scratch the gnoll.
You kill the gnoll!
You have reached level 3!
Your experience leads to an increase in your attributes!
Increase (S)trength, (I)ntelligence, or (D)exterity?
You feel clever.
You feel stronger.
Things that are here:
a +0 whip; a gnoll corpse
There is a stone staircase leading down, spattered with blood here.
You climb downwards.
A gnoll comes into view. It is wielding a +0 flail.
The gnoll shouts!
The gnoll closely misses you.
There is a stone staircase leading up here.
You scratch the gnoll.
The gnoll is heavily wounded.
The gnoll barely misses you.
You closely miss the gnoll.
The gnoll is heavily wounded.
The gnoll hits you but does no damage. The gnoll hits you with a +0 flail.
You scratch the gnoll but do no damage.
The gnoll is heavily wounded.
The gnoll hits you but does no damage. The gnoll barely misses you.
You closely miss the gnoll.
The gnoll is heavily wounded.
The gnoll hits you with a +0 flail! The gnoll barely misses you.
You scratch the gnoll.
The gnoll is severely wounded.
The gnoll hits you with a +0 flail. x2
* * * LOW HITPOINT WARNING * * *
You are too injured to fight recklessly!
You are too injured to fight recklessly!
You scratch the gnoll.
The gnoll is severely wounded.
The gnoll hits you with a +0 flail!
* * * LOW HITPOINT WARNING * * *
The gnoll barely misses you.
You barely miss the gnoll.
The gnoll is severely wounded.
The gnoll hits you with a +0 flail.
* * * LOW HITPOINT WARNING * * *
The gnoll hits you with a +0 flail.
You die...

. . . #g. #. .#.
.. .. #.#g###
#...>.# #.....#
#..#..#####
#[......g@#
##..#...#g#
.....#............
#### #.....#.#####
#.....#... #...(.#
#.# #.#...# ...
#.#...# ### #
....#


You could see 2 gnolls.

Vanquished Creatures
  A gnoll (D:1)
  4 ball pythons (D:1)
  3 bats
  A giant cockroach (D:1)
  2 goblins (D:1)
  2 hobgoblins (D:1)
  2 jackals (D:1)
  A quokka (D:1)
  4 kobolds (D:1)
20 creatures vanquished.

Notes
Turn   | Place    | Note
-------+----------+-------------------------------------------
     0 | D:1      | sleeves the Troll Earth Elementalist began the quest for
                  | the Orb.
     0 | D:1      | Reached XP level 1. HP: 16/16 MP: 1/1
   163 | D:1      | Reached skill level 1 in Unarmed Combat
   163 | D:1      | Reached skill level 3 in Earth Magic
   189 | D:1      | Reached XP level 2. HP: 24/24 MP: 2/2
   847 | D:1      | Reached XP level 3. HP: 31/31 MP: 3/3
   855 | D:2      | HP: 14/31 [gnoll/+0 flail (3)]
   856 | D:2      | HP: 5/31 [gnoll/+0 flail (10)]
   857 | D:2      | HP: 2/31 [gnoll/+0 flail (4)]
   857 | D:2      | Slain by a gnoll

Illustrated notes

Levels and vault maps discovered:
D:1:      dpeg_arrival_stone_temple_mockup, layout_basic, serial_forest,
          infiniplex_forest_end_2, infiniplex_forest_straight_2,
          infiniplex_forest_lined_1, infiniplex_forest_clump_cross,
          infiniplex_forest_lined_room_
D:2:      layout_basic, yredelemnul_altar_generic,
          gammafunk_temple_overflow_pools

Skill      XL: |  1 |
---------------+----+-----
Unarmed Combat | 1 |  1.8
Earth Magic    | 3 |  3.3
Dodging        | |  1.5
Stealth        | |  1.0
Spellcasting   | |  1.2
Transmutations | |  0.6

Action                   || total
-------------------------++-------
Melee: Unarmed           ||    83
 Stab: Sleeping          ||     1
Armor: Robe              ||    14
       Swamp dragon scal ||    22
Dodge: Dodged            ||    33

Table legend: (Time is in decaauts)
 A = Elapsed time spent in this place.
 B = Non-inter-level travel time spent in this place.
 C = Inter-level travel time spent in this place.
 D = Time resting spent in this place.
 E = Time spent auto-exploring this place.
 F = Levels seen in this place.
 G = Mean time per level.
                   A        B        C        D        E       F      G
               +--------+--------+--------+--------+--------+-----+--------+
         Total |    856 |    818 |     38 |      0 |    623 |   2 |  428.0 |
       Dungeon |    856 |    818 |     38 |      0 |    623 |   2 |  428.0 |
               +--------+--------+--------+--------+--------+-----+--------+

Top non-repeatable levels by time:
     D:1: 830 daAuts
     D:2: 26 daAuts
